 Dungeon Crawl Stone Soup version 0.18.1-5-g4a78601 (webtiles) character file.

51 oplop the Chiller (level 3, 0/21 HPs)
             Began as an Octopode Ice Elementalist on May 13, 2016.
             Slain by a hobgoblin (5 damage)
             ... on level 2 of the Dungeon.
             The game lasted 00:02:33 (1699 turns).

oplop the Chiller (Octopode Ice Elementalist)       Turns: 1699, Time: 00:02:34

Health: 0/21       AC:  1    Str:  7    XL:     3   Next: 83%
Magic:  5/7        EV: 12    Int: 18    God:
Gold:   10         SH:  0    Dex: 12    Spells: 3 memorised, 1 level left

rFire  . . .     SeeInvis .     (no weapon)
rCold  . . .     Gourm    .     (no shield)
rNeg   . . .     Faith    .     (helmet restricted)
rPois  .         Spirit   .     (no amulet)
rElec  .         Dismiss  .     (no ring)
rCorr  .         Reflect  .     (no ring)
SustAt .         Harm     .     (no ring)
MR     .....                    (no ring)
Stlth  +++.......               (no ring)
                                (no ring)
                                (no ring)
                                (no ring)

@: not resistant to hostile enchantments, fairly stealthy
A: almost no armour, amphibious, 8 rings, constrict 8, camouflage 1, gelatinous
body 1
a: no special abilities


You were on level 2 of the Dungeon.
You were not hungry.

You visited 1 branch of the dungeon, and saw 2 of its levels.

You collected 10 gold pieces.

Inventory:

Scrolls
 c - a scroll of fog {unknown}
 d - 4 scrolls of teleportation {unknown}
 e - a scroll of fear {unknown}
 f - a scroll of recharging {unknown}
Books
 a - a book of Frost

   Spells                             Type                      Level
   a - Freeze                         Ice                          1
   b - Throw Frost                    Conjuration/Ice              2
   c - Ozocubu's Armour               Charms/Ice                   3
   d - Throw Icicle                   Conjuration/Ice              4
   e - Summon Ice Beast               Ice/Summoning                4
Comestibles
 b - 2 bread rations


   Skills:
 + Level 0.0 Fighting
 - Level 2.0 Dodging
 - Level 2.6 Stealth
 + Level 2.9 Spellcasting
 - Level 1.0 Conjurations
 + Level 0.2 Charms
 + Level 3.9 Ice Magic


You had one spell level left.
You knew the following spells:

 Your Spells              Type           Power        Failure   Level  Hunger
a - Freeze                Ice            ###.         3%          1    None
b - Throw Frost           Conj/Ice       ##....       12%         2    ##.....
c - Ozocubu's Armour      Chrm/Ice       ##......     24%         3    ###....


Dungeon Overview and Level Annotations

Branches:
Dungeon (2/15)

Altars:


Innate Abilities, Weirdness & Mutations

You cannot wear most types of armour.
You are amphibious.
You can wear up to eight rings at the same time.
You can use your tentacles to constrict eight enemies at once.
Your skin changes colour to match your surroundings (Stealth).
Your rubbery body absorbs attacks (AC +1).


Message History

You are too injured to fight recklessly!
Casting: Freeze
Confirm with . or Enter, or press ? or * to list all spells.
Aiming: Freeze
Press: ? - help, Shift-Dir - straight line, f - jackal
Aim: a jackal (lightly wounded, constricted by you)
You freeze the jackal.
You kill the jackal!
Casting: Freeze
Confirm with . or Enter, or press ? or * to list all spells.
You can't see any susceptible monsters within range! (Use Z to cast anyway.)
Casting: Freeze
Confirm with . or Enter, or press ? or * to list all spells.
Aiming: Freeze
Press: ? - help, Shift-Dir - straight line, f - hobgoblin
Aim: a hobgoblin You freeze the hobgoblin.
The hobgoblin is heavily wounded.
The hobgoblin hits you.
You die...

#...>.# #.#
#.<...#
#.#.......#
#...........#
###...###..K..#
.#.#. #.....# ....
........#
#####g###..$$.....
#....@........h..#
##.#.#.#.#.#.#
#.............
###.#.#.#.#.#.#
#.##..............
#....#.#.#.#.#.#.#
####..<..........
.....#.#.#.#.#.#.#
######..)#####.###


You could see a hobgoblin.

Vanquished Creatures
  A dart slug (D:1)
  A giant cockroach (D:1)
  2 goblins (D:1)
  7 hobgoblins (D:1)
  10 jackals
  5 kobolds (D:1)
  A ball python (D:1)
  11 bats
  2 giant newts (D:1)
  4 rats (D:1)
44 creatures vanquished.

Notes
Turn   | Place    | Note
--------------------------------------------------------------
     0 | D:1      | oplop the Octopode Ice Elementalist began the quest for the Orb.
     0 | D:1      | Reached XP level 1. HP: 11/11 MP: 3/3
   144 | D:1      | Reached XP level 2. HP: 12/17 MP: 5/5
   750 | D:1      | Reached XP level 3. HP: 15/21 MP: 6/6
  1392 | D:1      | Learned a level 2 spell: Throw Frost
  1525 | D:1      | Learned a level 3 spell: Ozocubu's Armour
  1699 | D:2      | Slain by a hobgoblin

Action                   || total
-------------------------++-------
Melee: Unarmed           ||   107
       Constrict         ||    30
       Tentacles         ||    18
 Cast: Freeze            ||    18
 Stab: Sleeping          ||     5
  Eat: Chunk             ||     3
Armor: Skin              ||    24
Dodge: Dodged            ||    91
